 Dungeon Crawl Stone Soup version 0.32-a0-768-g0f6f1dd4b9 (webtiles) character file.

Game seed: 12207451755645096160

12866 ezpacito the Fighter (level 12, -1/101 HPs)
             Began as a Coglin Chaos Knight on Mar 18, 2024.
             Was a Plaything of Xom.
             Slain by a freezing wraith (24 damage)
             ... on level 11 of the Dungeon.
             The game lasted 00:23:59 (11503 turns).

ezpacito the Fighter (Coglin Chaos Knight)         Turns: 11503, Time: 00:23:59

Health: -1/101     AC: 13    Str: 26 (27) XL:     12   Next: 0%
Magic:  18/18      EV: 13    Int: 13      God:    Xom [.*....]
Gold:   707        SH:  0    Dex: 14      Spells: 6/19 levels left

rFire   . . .        y - +1 war axe "Faqezam" {flame, Str+3 SInv}
rCold   x . .        a - +0 hand axe (chaos) {Zorawar}
rNeg    . . .        e - +0 acid dragon scales
rPois   +            V - +0 helmet
rElec   .            c - +0 cloak "Wocaoczo" {Rampage rPois rC- Str+8}
rCorr   +            (no gloves)
SInv    +            L - +0 pair of boots
Will    .....        (amulet unavailable)
Stlth   +            (ring unavailable)
HPRegen 0.36/turn    (ring unavailable)
MPRegen 0.16/turn    (no gizmo)

%: clarity, rampage
@: confused, ambrosia-drunk, cleaving, slowed, revved, very slow
A: off-hand wielding, slow wielding, warmup strikes, no jewellery, iridescent
scales 1, clarity, robust 1, screaming 1, MP-powered wands
a: Invent Gizmo, Renounce Religion


You were on level 11 of the Dungeon.
You worshipped Xom.
You were a plaything of Xom.
You visited 2 branches of the dungeon, and saw 12 of its levels.

You collected 707 gold pieces.

Inventory:

Hand Weapons
 a - a +0 hand axe of chaos (offhand) {Zorawar}
 o - a +1 war axe of electrocution {Appius}
 y - the +1 war axe "Faqezam" (weapon) {flame, Str+3 SInv}
   (You found it on level 8 of the Dungeon)

   Str+3:     It affects your strength (+3).
   SInv:      It lets you see invisible.
 X - a +1 spear of flaming
Missiles
 j - 20 poisoned darts (quivered)
 A - 14 boomerangs
 H - 3 curare-tipped darts
 J - a throwing net
Armour
 c - the +0 cloak "Wocaoczo" (worn) {Rampage rPois rC- Str+8}
   (You found it on level 7 of the Dungeon)

   Str+8:     It affects your strength (+8).
   rC-:       It makes you vulnerable to cold.
   rPois:     It protects you from poison.
   Rampage:   It bestows one free step when moving towards enemies.
 e - +0 acid dragon scales (worn)
 l - a +1 scale mail of positive energy
 D - a +0 cloak
 L - a +0 pair of boots (worn)
 M - +0 steam dragon scales
 O - a +0 plate armour
 V - a +0 helmet (worn)
Magical Staves
 R - a staff of fire
Talismans
 s - a flux talisman
 x - a serpent talisman
Wands
 f - a wand of charming (23)
 z - a wand of flame (20)
 F - a wand of quicksilver (12)
 G - a wand of polymorph (18)
 I - a wand of mindburst (8)
 N - a wand of iceblast (8)
Scrolls
 g - 3 scrolls of fear
 n - 2 scrolls of revelation
 t - 2 scrolls of teleportation
 u - 3 scrolls of amnesia {unknown}
 v - 2 scrolls of immolation {unknown}
 E - a scroll of silence
 P - a scroll of poison {unknown}
 Q - a scroll of noise {unknown}
 U - a scroll of enchant weapon {unknown}
Potions
 h - a potion of haste
 k - a potion of cancellation
 m - a potion of brilliance
 p - 2 potions of enlightenment
 q - 2 potions of curing
 r - a potion of mutation
 w - a potion of magic
 C - a potion of lignification
 T - a potion of attraction
Miscellaneous
 d - a lightning rod (inert)


   Skills:
 * Level 8.0 Fighting
 * Level 7.9(8.6) Axes
 + Level 4.8(6.7) Polearms
 * Level 7.0 Armour
 * Level 6.7 Dodging
 + Level 4.8 Stealth
 + Level 4.1 Spellcasting
 + Level 3.1 Summonings
 + Level 3.2 Necromancy
 + Level 2.7 Alchemy
 + Level 6.5 Evocations


You had 6 spell levels left.
You knew the following spells:

 Your Spells              Type           Power      Damage    Failure   Level
a - Fugue of the Fallen   Necr           11%        N/A       19%         3
b - Summon Horrible Thin  Summ           5%         N/A       100%        8
c - Cigotuvi's Dreadful   Necr/Alch/Air  14%        N/A       16%         2

Your spell library contained the following spells:

 Spells                   Type           Power      Damage    Failure   Level
 Summon Ice Beast         Ice/Summ       6%         N/A       36%         3
 Dispel Undead            Necr           11%        3d9       54%         4
 Martyr's Knell           Necr/Summ      10%        N/A       54%         4
 Hailstorm                Conj/Ice       2%         3d5       58%         3
 Ozocubu's Armour         Ice            2%         N/A       58%         3
 Summon Blazeheart Golem  Fire/Summ      6%         N/A       77%         4
 Manifold Assault         Tloc           2%         N/A       94%         4
 Permafrost Eruption      Ice/Erth       1%         2x4d2     100%        6
 Sculpt Simulacrum        Ice/Alch       3%         N/A       100%        6
 Malign Gateway           Summ/Tloc      3%         N/A       100%        7
 Orb of Destruction       Conj           1%         9d5       100%        7
 Spellforged Servitor     Conj/Summ      3%         N/A       100%        7


Dungeon Overview and Level Annotations

Branches:
Dungeon (11/15)            Temple (1/1) D:6            Lair (0/5) D:8
    Orc (0/2) D:9

Altars:
Ashenzari
Cheibriados
Dithmenos
Elyvilon
Fedhas
Gozag
Hepliaklqana
Kikubaaqudgha
Makhleb
Nemelex Xobeh
Okawaru
Qazlal
Ru
Sif Muna
Trog
Uskayaw
Vehumet
Wu Jian
Xom
Yredelemnul
Zin
The Shining One
Beogh


Innate Abilities, Weirdness & Mutations

You can wield a second weapon in your off-hand.
It takes a long time for you to wield or remove held weapons.
Your first few attacks do less damage.
You cannot equip rings or amulets.
You are partially covered in iridescent scales. (AC +2)
You possess an exceptional clarity of mind.
You are robust. (+10% HP)
You occasionally shout uncontrollably at your foes.
You expend magic power (3 MP) to strengthen your wands.


Message History

Okay, then.
Okay, then.
You are confused.
You feel invigorated.
You regained 6 hp, and now have 11/101 hp.
You are more confused.
You feel more invigorated.
You regained 4 hp, and now have 15/101 hp.
You bump into the rock wall.
You regained 5 hp, and now have 20/101 hp.
You regained 6 hp, and now have 26/101 hp.
You bump into the rock wall.
You regained 5 hp, and now have 31/101 hp.
You bump into the rock wall.
The freezing wraith hits you. The freezing wraith freezes you!
You feel a terrible chill!
* * * LOW HITPOINT WARNING * * *
The freezing wraith hits you.
* * * LOW HITPOINT WARNING * * *
The freezing wraith drains your vigour!
You feel yourself slow down.
You take 17 damage, and have 14/101 hp.
You hit the freezing wraith but do no damage.
The freezing wraith is almost destroyed.
You miss the freezing wraith with the +1 war axe "Faqezam".
The vampire mumbles some strange words.
The vampire flickers and vanishes for a moment.
The freezing wraith hits you but does no damage.
The freezing wraith barely misses you.
You hear a shout!
You regained 6 hp, and now have 20/101 hp.
You hit the freezing wraith with your +0 hand axe of chaos.
The freezing wraith looks weaker.
The freezing wraith is almost destroyed.
You barely miss the acid dragon with your +0 hand axe of chaos.
You barely miss the freezing wraith with the +1 war axe "Faqezam".
You miss the acid dragon with the +1 war axe "Faqezam".
The freezing wraith hits you.
* * * LOW HITPOINT WARNING * * *
The freezing wraith freezes you!!
You feel a terrible chill!
You die...
Xom bursts into laughter!

....##...##................##....
#.##..............#.##...####.###
..............................###
..#..(......####.......######....
.....######.# ##.#..### #####
.....# #.# #.##...#
.....######.#####.##.#.#
.....#.........#..##.#..#
...............#@## .. .#
...............DW# ## ..
.....#...........#
#.####.........#C# #.#
#.......###'# #.# #......####V##
... ......## #.~.# .. .....#
##.## . ... #D#


You could see a cyclops, a freezing wraith (weak), a vampire (invisible) and an
acid dragon.

Vanquished Creatures
  2 two-headed ogres
  A tengu warrior (D:10)
  Pikel (D:4)
  A deep elf pyromancer (D:10)
  2 ugly things (D:10)
  A cyclops (D:8)
  A gargoyle (D:11)
  The ghost of Astinus the Skirmisher, a novice CoHu of Okawaru (D:6)
  A freezing wraith (D:10)
  An unseen horror (D:10)
  2 trolls
  2 queen bees (D:6)
  A hornet (D:6)
  A shadow (D:11)
  2 wraiths
  A human (D:3)
  6 yaks
  A vampire (D:11)
  3 wyverns
  2 steam dragons
  3 vampire mosquitoes (D:11)
  5 acid dragons
  A water moccasin (D:7)
  Duvessa (D:7)
  5 orc warriors
  A black bear (D:5)
  2 ogres
  3 centaurs
  2 wolves (D:8)
  A phantom (D:6)
  3 kobold brigands
  3 bullfrogs
  2 gnoll sergeants
  2 scorpions
  Dowan (D:7)
  14 killer bees
  A human zombie (D:3)
  5 jellies
  8 orc priests
  2 hounds
  3 gnoll boudas
  Crazy Yiuf (D:5)
  A sleepcap (D:6)
  8 orc wizards
  20 gnolls
  5 adders
  2 ufetubi (D:6)
  A ribbon worm (D:2)
  4 dart slugs
  17 orcs
  A bat (D:2)
  5 endoplasms
  4 giant cockroaches
  10 goblins
  9 hobgoblins
  4 quokkas
  10 ball pythons
  2 frilled lizards
  2 jackal skeletons (D:3)
  18 kobolds
  7 rats
232 creatures vanquished.

Vanquished Creatures (collateral kills)
  An ogre (D:4)
1 creature vanquished.

Vanquished Creatures (others)
  A slime creature (D:10)
  An orc priest (D:8)
  An orc wizard (D:8)
  An orc (D:8)
4 creatures vanquished.

Grand Total: 237 creatures vanquished

Notes
Turn   | Place    | Note
-------+----------+-------------------------------------------
     0 | D:1      | ezpacito the Coglin Chaos Knight began the quest for the
                  | Orb.
     0 | D:1      | Reached XP level 1. HP: 18/18 MP: 1/1
    78 | D:1      | Reached skill level 1 in Dodging
   245 | D:1      | Reached XP level 2. HP: 24/24 MP: 2/2
   676 | D:1      | XOM: divination: magic mapping
  1008 | D:2      | XOM: silly message
  1031 | D:2      | Reached XP level 3. HP: 29/29 MP: 3/3
  1068 | D:2      | Reached skill level 1 in Polearms
  1414 | D:2      | XOM: god gift: 6 stones
  1422 | D:2      | XOM: cloud trail
  1639 | D:3      | Reached XP level 4. HP: 35/35 MP: 4/4
  1702 | D:3      | XOM is BORED!
  1702 | D:3      | XOM: 4-stop teleportation journey
  1795 | D:3      | Found a runed translucent door.
  1795 | D:3      | Noticed a human
  1796 | D:3      | XOM: noise
  1802 | D:3      | XOM: noise
  1857 | D:3      | Found a basalt altar of Yredelemnul.
  1874 | D:3      | Killed a human
  1925 | D:3      | XOM: 5-stop teleportation journey
  2117 | D:3      | XOM: 2-stop teleportation journey
  2269 | D:3      | Reached XP level 5. HP: 41/41 MP: 5/5
  2390 | D:3      | XOM: cloud trail
  2495 | D:3      | XOM: polymorph orc -> hobgoblin
  2502 | D:3      | Reached skill level 1 in Stealth
  2573 | D:3      | XOM: scenery: 1 doors close
  2665 | D:3      | XOM: give mutations
  2665 | D:3      | Gained mutation: You have hidden genetic potential. [Xom's
                  | grace]
  2665 | D:3      | Gained mutation: You possess an exceptional clarity of
                  | mind. [Xom's grace]
  2665 | D:3      | Gained mutation: You expend magic power (3 MP) to
                  | strengthen your wands. [Xom's grace]
  2721 | D:3      | Found a snail-covered altar of Cheibriados.
  2842 | D:4      | Noticed a lemure
  2842 | D:4      | Noticed Pikel
  2843 | D:4      | Noticed a lemure
  2843 | D:4      | Noticed a lemure
  2845 | D:4      | XOM: divination: detect creatures
  2846 | D:4      | XOM: divination: detect items
  2849 | D:4      | Noticed a lemure
  2850 | D:4      | XOM: scenery: summon butterflies
  2852 | D:4      | XOM: blink monster(s)
  2855 | D:4      | XOM: summons 3 friendly demons
  2862 | D:4      | XOM: enchant monster (good)
  2868 | D:4      | Killed Pikel
  2869 | D:4      | Reached skill level 4 in Fighting
  2869 | D:4      | Reached skill level 1 in Spellcasting
  2869 | D:4      | Reached XP level 6. HP: 25/48 MP: 6/8
  2869 | D:4      | Reached XP level 7. HP: 28/54 MP: 6/9
  2883 | D:4      | Gained mutation: You are partially covered in iridescent
                  | scales. (AC +2) [hidden potential]
  3094 | D:4      | XOM: silly message
  3634 | D:5      | Entered Level 5 of the Dungeon
  3656 | D:5      | XOM: give mutation
  3656 | D:5      | Gained mutation: You occasionally shout uncontrollably at
                  | your foes. [Xom's mischief]
  3798 | D:5      | Reached XP level 8. HP: 56/61 MP: 10/10
  4244 | D:5      | Gained mutation: You are robust. (+10% HP) [hidden
                  | potential]
  4244 | D:5      | Lost mutation: You have hidden genetic potential. [hidden
                  | potential expressed]
  4323 | D:5      | Found a runed translucent door.
  4324 | D:5      | Noticed Crazy Yiuf
  4334 | D:5      | Killed Crazy Yiuf
  4825 | D:6      | Reached skill level 5 in Fighting
  4864 | D:6      | Found a staircase to the Ecumenical Temple.
  4873 | Temple   | Entered the Ecumenical Temple
  5009 | D:6      | Reached skill level 5 in Axes
  5177 | D:6      | Noticed a queen bee
  5185 | D:6      | Noticed Astinus's ghost (novice CoHu)
  5257 | D:6      | Found a transporter.
  5266 | D:6      | Found a transporter.
  5336 | D:6      | XOM: god gift: metallic green potion {god gift}
  5539 | D:7      | Noticed Maggie
  5539 | D:7      | Noticed a hornet
  5541 | D:7      | Maggie changed into Maggie the queen bee
  5541 | D:7      | Noticed Maggie
  5541 | D:7      | XOM: polymorph Maggie -> Maggie the queen bee
  5553 | D:6      | Killed a hornet
  5554 | D:6      | Reached XP level 9. HP: 20/74 MP: 5/12
  5719 | D:7      | XOM: summons 7 friendly demons
  5721 | D:6      | Killed Maggie the queen bee
  5755 | D:7      | XOM: blink monster(s)
  5809 | D:6      | XOM: noise
  5862 | D:7      | Noticed Duvessa
  5862 | D:7      | Noticed Dowan
  5864 | D:7      | Killed Duvessa
  5864 | D:7      | Killed Dowan
  5869 | D:7      | Identified the +0 cloak "Wocaoczo" {Rampage rPois rC-
                  | Str+8}
  6385 | D:7      | Learned a level 3 spell: Fugue of the Fallen
  6394 | D:7      | Learned a level 8 spell: Summon Horrible Things
  6434 | D:7      | XOM: noise
  6610 | D:8      | Reached skill level 6 in Fighting
  6616 | D:8      | Reached skill level 5 in Armour
  6652 | D:8      | XOM: silly message
  6818 | D:8      | Found a staircase to the Lair.
  6826 | D:8      | XOM: potion effect (invisibility)
  6859 | D:8      | Identified the +1 war axe "Faqezam" {flame, Str+3 SInv}
  6967 | D:8      | Reached skill level 1 in Necromancy
  6988 | D:8      | Reached skill level 5 in Dodging
  6988 | D:8      | Reached skill level 1 in Summonings
  6988 | D:8      | Reached XP level 10. HP: 55/83 MP: 14/14
  7341 | D:8      | Noticed a cyclops
  7350 | D:8      | Killed a cyclops
  7351 | D:8      | Reached skill level 5 in Evocations
  7488 | D:8      | XOM: 2-stop teleportation journey
  7511 | D:8      | Noticed a two-headed ogre
  7516 | D:8      | Killed a two-headed ogre
  7699 | D:8      | XOM: 9-stop teleportation journey
  7858 | D:8      | Learned a level 2 spell: Cigotuvi's Dreadful Rot
  8095 | D:9      | XOM: summons 1 hostile demon
  8114 | D:9      | XOM: 1-stop teleportation journey
  8155 | D:9      | Reached skill level 7 in Fighting
  8155 | D:9      | Reached skill level 1 in Alchemy
  8329 | D:9      | Found a staircase to the Orcish Mines.
  8334 | D:9      | Found a roughly hewn altar of Beogh.
  8385 | D:9      | Found an ornate altar of the Wu Jian Council.
  8750 | D:9      | XOM: smoke on damage
  8754 | D:9      | Reached XP level 11. HP: 71/92 MP: 16/16
  8763 | D:9      | XOM: stat loss: -1 Str (26/27)
  8963 | D:10     | Entered Level 10 of the Dungeon
  8963 | D:10     | Found a radiant altar of Vehumet.
  9310 | D:10     | XOM: fog
  9370 | D:10     | XOM: silly message
  9647 | D:10     | XOM: polymorph unseen horror -> ball python
  9713 | D:10     | XOM: summons 6 hostile demons
 10009 | D:10     | Noticed a tengu warrior
 10018 | D:10     | Noticed a deep elf pyromancer
 10018 | D:10     | Noticed a green ugly thing
 10019 | D:10     | Noticed a purple ugly thing
 10036 | D:10     | XOM: summons friendly crimson imp
 10041 | D:10     | XOM: fake destruction
 10046 | D:10     | Killed a purple ugly thing
 10046 | D:10     | Killed a tengu warrior
 10058 | D:10     | Killed a green ugly thing
 10062 | D:10     | Killed a deep elf pyromancer
 10285 | D:10     | XOM: summons friendly white imp
 10287 | D:10     | XOM: swap monsters
 10524 | D:10     | XOM: summons 6 hostile demons
 10894 | D:6      | XOM: divination: magic mapping
 10902 | D:6      | Killed Astinus's ghost
 11216 | D:11     | XOM: 1-stop teleportation journey
 11480 | D:11     | Noticed a two-headed ogre
 11483 | D:11     | Killed a two-headed ogre
 11484 | D:11     | Reached skill level 8 in Fighting
 11486 | D:11     | XOM: cleaving
 11491 | D:11     | Reached XP level 12. HP: 60/101 MP: 18/18
 11493 | D:11     | HP: 5/101 [freezing wraith (30)]
 11503 | D:11     | Slain by a freezing wraith

Illustrated notes

Levels and vault maps discovered:
D:1:      dpeg_arrival_oval, layout_basic
D:2:      layout_loops_ring
D:3:      layout_loops_corners, marbit_many_paths, dk_yredelemnul_ordeal
D:4:      layout_loops_ring, hangedman_decor_diamond_cutter, abandoned_shop,
          uniq_pikel
D:5:      layout_gridville, uniq_crazy_yiuf_cottage
D:6:      layout_loops_ring, minmay_temple_entry_arrows, gammafunk_ghost_hive
D:7:      layout_rooms, uniq_duvessa, uniq_maggie
D:8:      layout_basic, erik_lair_orcish_takeover, grunt_decor_arrowhead
D:9:      layout_roguey, mainiacjoe_overflow_paths,
          minmay_orc_entry_temple_small
D:10:     layout_long_grid, vehumet_altar_wand_db, serial_rivers,
          chequers_serial_rivers_room_a, chequers_serial_rivers_small_3,
          chequers_serial_rivers_large_a, chequers_serial_rivers_micro_d,
          chequers_serial_rivers_room_a, chequers_serial_rivers_small_b,
          chequers_garden, st_stairs_8, grunt_ministairs_10, grunt_tough_drop
D:11:     hangedman_cross_veins, layout_rooms
Temple:   regret_index_temple_chain_breaker

Skill      XL: |  1  2  3  4  5  6  7  8  9 10 11 |
---------------+----------------------------------+-----
Dodging        | 1 2 3 4 5 6 |  6.7
Armour         | 2 3 4 5 6 7 |  7.0
Polearms       | 1 2 3 4 |  4.8
Stealth        | 1 2 3 4 |  4.8
Fighting       | 4 5 6 7 8 |  8.0
Axes           | 4 5 6 7 |  7.9
Spellcasting   | 1 2 3 4 |  4.1
Evocations     | 2 3 4 5 6 |  6.5
Necromancy     | 1 2 3 |  3.2
Summonings     | 1 2 3 |  3.1
Alchemy        | 1 2 |  2.7

Action                     |  1- 3 |  4- 6 |  7- 9 | 10-12 || total
---------------------------+-------+-------+-------+-------++-------
  Melee: Hand axe          |    75 |    60 |   216 |   216 ||   567
         Dagger            |    42 |       |       |       ||    42
         Short sword       |    17 |    60 |   174 |       ||   251
         War axe           |       |       |    44 |   231 ||   275
  Throw: Dart              |       |       |       |     1 ||     1
  Evoke: Wand              |       |       |    11 |     4 ||    15
         Lightning rod     |       |       |       |     5 ||     5
    Use: Scroll            |       |     4 |     2 |    12 ||    18
         Potion            |       |     1 |     7 |    11 ||    19
   Stab: Sleeping          |     2 |     1 |       |       ||     3
         Distracted        |       |     1 |     2 |     2 ||     5
         Confused          |       |       |     2 |     1 ||     3
         Invisible         |       |       |     2 |       ||     2
         Paralysed         |       |       |       |     3 ||     3
         Petrifying        |       |       |       |     2 ||     2
 Armour: Leather armour    |    36 |    28 |   127 |       ||   191
         Skin              |       |       |    18 |       ||    18
         Acid dragon scale |       |       |    99 |   274 ||   373
  Dodge: Dodged            |    49 |    26 |   197 |   238 ||   510

Table legend: (Time is in decaauts)
 A = Elapsed time spent in this place.
 B = Non-inter-level travel time spent in this place.
 C = Inter-level travel time spent in this place.
 D = Time resting spent in this place.
 E = Time spent auto-exploring this place.
 F = Levels seen in this place.
 G = Mean time per level.
                   A        B        C        D        E       F      G
               +--------+--------+--------+--------+--------+-----+--------+
         Total |  11553 |  10900 |    653 |    828 |   8428 |  12 |  962.8 |
       Dungeon |  11551 |  10899 |    652 |    828 |   8428 |  11 | 1050.1 |
        Temple |      1 |      1 |      0 |      0 |      0 |   1 |    1.0 |
               +--------+--------+--------+--------+--------+-----+--------+

Top non-repeatable levels by time:
    D:10: 1894 daAuts
     D:6: 1500 daAuts
     D:8: 1345 daAuts
     D:3: 1190 daAuts
     D:9: 1108 daAuts
     D:1: 943 daAuts
     D:5: 884 daAuts
     D:4: 813 daAuts
     D:7: 779 daAuts
     D:2: 695 daAuts
    D:11: 394 daAuts
  Temple: 1 daAuts
